[ AOE2 MATCH · #484145285 ]
UnrankedSaracens vs Aztecs
[ REPLAY ANALYSIS · EXTRACTED FROM THE RECORDED GAME ]
Feudal
—
Castle
—
Imperial
—
| APM avg | 8.6 |
| APM peak | 52 |
| eAPM avg | 4.6 |
| Villagers / military | 46 / 0 |
Focus
⚔️ 2.9% · 🌾 97.1%
Feudal
11:30
Castle
15:08
Imperial
35:15
| APM avg | 28.5 |
| APM peak | 89 |
| eAPM avg | 14.1 |
| Villagers / military | 121 / 102 |
Focus
⚔️ 17.4% · 🌾 82.6%
Gbeto ×82 · Mangonel ×14 · Trebuchet (Packed) ×6
Feudal
11:13
Castle
16:12
Imperial
—
| APM avg | 25.9 |
| APM peak | 53 |
| eAPM avg | 11.9 |
| Villagers / military | 82 / 37 |
Focus
⚔️ 18.7% · 🌾 81.3%
Monk ×17 · Jaguar Warrior ×15 · Battering Ram ×4 · Mangonel ×1
Feudal
12:49
Castle
19:48
Imperial
—
| APM avg | 25.9 |
| APM peak | 51 |
| eAPM avg | 12.7 |
| Villagers / military | 85 / 119 |
Focus
⚔️ 31.5% · 🌾 68.5%
Eagle Scout ×53 · Jaguar Warrior ×51 · Battering Ram ×10 · Monk ×5
Feudal
13:54
Castle
17:59
Imperial
31:19
| APM avg | 23.8 |
| APM peak | 52 |
| eAPM avg | 11.2 |
| Villagers / military | 89 / 44 |
Focus
⚔️ 18.4% · 🌾 81.6%
Longbowman ×38 · Trebuchet (Packed) ×6
Feudal
11:46
Castle
16:06
Imperial
39:28
| APM avg | 19.7 |
| APM peak | 51 |
| eAPM avg | 14.5 |
| Villagers / military | 107 / 188 |
Focus
⚔️ 37.1% · 🌾 62.9%
Militia ×162 · Battering Ram ×23 · Monk ×3
Feudal
11:51
Castle
15:36
Imperial
37:14
| APM avg | 20.0 |
| APM peak | 48 |
| eAPM avg | 12.1 |
| Villagers / military | 141 / 95 |
Focus
⚔️ 18.1% · 🌾 81.9%
Scout Cavalry ×92 · Unknown (1908) ×23 · Trebuchet (Packed) ×2 · Monk ×1
Feudal
12:19
Castle
16:17
Imperial
40:04
| APM avg | 36.9 |
| APM peak | 97 |
| eAPM avg | 17.6 |
| Villagers / military | 47 / 79 |
Focus
⚔️ 12.1% · 🌾 87.9%
Archer ×55 · Ballista Elephant ×24
Match map
Initial resources + every placement click. Lines = walls · curves = elevation contours. ◆ gold · ⬟ stone · ● berries · ✦ relic · ◌ wall gap
Your base· ✓ Closed at 19:12 · 0t walls · 3 gate(s)
Eppo's base· ✓ Closed at 15:08 · 0t walls · 2 gate(s)
Sieh's base· ✓ Closed at 16:12 · 0t walls · 3 gate(s)
caglacula's base· ✓ Closed at 19:48 · 0t walls · 3 gate(s)
AlexShukov13's base· ✓ Closed at 17:59 · 0t walls · 3 gate(s)
Jeladam's base· ✓ Closed at 16:06 · 0t walls · 2 gate(s)
Eye of Horus's base· ✓ Closed at 15:36 · 0t walls · 2 gate(s)
Estarossa's base· ✓ Closed at 16:17 · 0t walls · 2 gate(s)
Smoothed initial terrain · ◌ = detected wall gap · hover for details
Inputs per minute
— KURD478156 - - Eppo
Build order — KURD478156
109 actions detected in the replay
| 0:06 | Research | Loom |
| 0:06 | Create | Villager (Male) |
| 0:06 | Create | Villager (Male) |
| 0:07 | Create | Villager (Male) |
| 0:07 | Create | Villager (Male) |
| 0:12 | Build | House |
| 0:13 | Build | House |
| 2:27 | Create | Villager (Male) |
| 3:14 | Create | Villager (Male) |
| 3:14 | Create | Villager (Male) |
| 3:15 | Create | Villager (Male) |
| 3:25 | Build | House |
| 3:27 | Build | House |
| 3:31 | Build | House |
| 3:43 | Create | Villager (Male) |
| 4:17 | Create | Villager (Male) |
| 4:47 | Create | Villager (Male) |
| 5:21 | Create | Villager (Male) |
| 5:25 | Create | Villager (Male) |
| 6:05 | Create | Villager (Male) |
| 6:20 | Build | Mill |
| 6:22 | Create | Villager (Male) |
| 6:40 | Build | Mill |
| 7:01 | Build | Lumber Camp |
| 7:24 | Create | Villager (Male) |
| 8:36 | Create | Villager (Male) |
| 8:38 | Create | Villager (Male) |
| 9:12 | Build | Mining Camp |
| 9:42 | Create | Villager (Male) |
| 11:03 | Research | Feudal Age |
| 12:43 | Create | Villager (Male) |
| 12:44 | Create | Villager (Male) |
| 12:45 | Create | Villager (Male) |
| 12:45 | Create | Villager (Male) |
| 12:46 | Create | Villager (Male) |
| 12:46 | Create | Villager (Male) |
| 12:46 | Create | Villager (Male) |
| 12:47 | Create | Villager (Male) |
| 13:21 | Research | Double-Bit Axe |
| 13:37 | Build | House |
| 13:39 | Build | House |
| 13:40 | Build | House |
| 13:44 | Build | House |
| 13:51 | Build | Market |
| 14:02 | Build | Blacksmith |
| 14:15 | Research | Gold Mining |
| 14:31 | Build | Farm |
| 14:32 | Build | Farm |
| 14:32 | Build | Farm |
| 14:32 | Build | Farm |
| 14:32 | Build | Farm |
| 14:32 | Build | Farm |
| 14:56 | Build | Farm |
| 14:56 | Build | Farm |
| 15:04 | Create | Villager (Male) |
| 15:05 | Create | Villager (Male) |
| 15:05 | Create | Villager (Male) |
| 15:06 | Create | Villager (Male) |
| 15:16 | Research | Horse Collar |
| 15:49 | Research | Stone Mining |
| 16:13 | Build | Farm |
| 16:18 | Build | Farm |
| 16:25 | Build | Farm |
| 16:32 | Build | Farm |
| 16:42 | Create | Villager (Male) |
| 16:43 | Create | Villager (Male) |
| 17:19 | Build | Lumber Camp |
| 17:26 | Create | Villager (Male) |
| 17:29 | Create | Villager (Male) |
| 17:48 | Build | Mining Camp |
| 18:14 | Build | Mining Camp |
| 18:41 | Build | House |
| 18:43 | Build | House |
| 18:44 | Build | House |
| 18:46 | Build | House |
| 19:12 | Research | Castle Age |
| 20:24 | Research | Forging |
| 20:26 | Research | Scale Barding Armor |
| 21:43 | Build | Mining Camp |
| 22:22 | Research | Padded Archer Armor |
| 22:22 | Research | Scale Mail Armor |
| 23:05 | Build | Mining Camp |
| 24:47 | Build | Mining Camp |
| 26:54 | Build | Mining Camp |
| 30:23 | Build | Town Center |
| 39:31 | Build | Mill |
| 42:29 | Create | Villager (Male) |
| 42:30 | Create | Villager (Male) |
| 42:30 | Create | Villager (Male) |
| 42:31 | Create | Villager (Male) |
| 43:06 | Create | Villager (Male) |
| 43:07 | Create | Villager (Male) |
| 44:00 | Create | Villager (Male) |
| 44:05 | Create | Villager (Male) |
| 44:08 | Create | Villager (Male) |
| 44:09 | Create | Villager (Male) |
| 44:09 | Create | Villager (Male) |
| 45:43 | Build | Farm |
| 45:43 | Build | Farm |
| 45:44 | Build | Farm |
| 45:44 | Build | Farm |
| 45:44 | Build | Farm |
| 45:45 | Build | Farm |
| 45:45 | Build | Farm |
| 45:45 | Build | Farm |
| 45:45 | Build | Farm |
| 45:46 | Build | Farm |
| 45:46 | Build | Farm |
| 45:47 | Build | Farm |
Build order — Eppo
First 150 of 281 actions detected
| 0:01 | Create | Villager (Male) |
| 0:01 | Create | Villager (Male) |
| 0:01 | Create | Villager (Male) |
| 0:02 | Create | Villager (Male) |
| 0:02 | Create | Villager (Male) |
| 0:04 | Build | House |
| 0:05 | Build | House |
| 1:41 | Create | Villager (Male) |
| 1:41 | Create | Villager (Male) |
| 1:57 | Build | Lumber Camp |
| 1:59 | Create | Villager (Male) |
| 2:00 | Create | Villager (Male) |
| 2:19 | Create | Villager (Male) |
| 2:57 | Create | Villager (Male) |
| 3:12 | Create | Villager (Male) |
| 3:13 | Create | Villager (Male) |
| 3:28 | Build | House |
| 3:43 | Create | Villager (Male) |
| 4:01 | Create | Villager (Male) |
| 4:09 | Build | Mill |
| 4:35 | Create | Villager (Male) |
| 4:59 | Create | Villager (Male) |
| 4:59 | Create | Villager (Male) |
| 5:09 | Build | House |
| 5:19 | Create | Villager (Male) |
| 5:35 | Create | Villager (Male) |
| 6:06 | Create | Villager (Male) |
| 6:06 | Create | Villager (Male) |
| 6:32 | Create | Villager (Male) |
| 7:23 | Create | Villager (Male) |
| 7:53 | Create | Villager (Male) |
| 8:00 | Build | House |
| 8:06 | Create | Villager (Male) |
| 8:52 | Create | Villager (Male) |
| 8:54 | Create | Villager (Male) |
| 9:17 | Research | Feudal Age |
| 9:20 | Research | Feudal Age |
| 9:28 | Build | Mining Camp |
| 11:15 | Create | Villager (Male) |
| 11:27 | Build | House |
| 11:30 | Age | Feudal Age |
| 11:33 | Build | Market |
| 11:38 | Build | Blacksmith |
| 11:49 | Build | Farm |
| 11:50 | Build | Farm |
| 11:51 | Build | Farm |
| 11:55 | Build | Farm |
| 11:58 | Build | Farm |
| 12:03 | Create | Villager (Male) |
| 12:17 | Build | Lumber Camp |
| 12:26 | Research | Castle Age |
| 12:31 | Build | Farm |
| 12:35 | Build | Farm |
| 12:41 | Build | Farm |
| 12:43 | Create | Villager (Male) |
| 12:53 | Build | Farm |
| 12:56 | Build | Farm |
| 13:20 | Build | Farm |
| 13:22 | Create | Villager (Male) |
| 13:43 | Research | Double-Bit Axe |
| 13:58 | Build | Farm |
| 14:02 | Build | Farm |
| 14:13 | Research | Horse Collar |
| 15:08 | Age | Castle Age |
| 15:16 | Build | Town Center |
| 15:23 | Research | Bow Saw |
| 15:26 | Research | Heavy Plow |
| 15:28 | Create | Villager (Male) |
| 16:04 | Create | Villager (Male) |
| 16:12 | Build | House |
| 16:12 | Build | House |
| 16:14 | Build | House |
| 16:20 | Build | Farm |
| 16:24 | Build | Farm |
| 16:30 | Create | Villager (Male) |
| 16:37 | Build | Farm |
| 16:42 | Build | Farm |
| 16:45 | Create | Villager (Male) |
| 16:45 | Create | Villager (Male) |
| 17:01 | Create | Villager (Male) |
| 17:12 | Build | Farm |
| 17:15 | Build | Farm |
| 17:19 | Build | Farm |
| 17:21 | Create | Villager (Male) |
| 17:25 | Create | Villager (Male) |
| 17:36 | Build | Farm |
| 17:38 | Create | Villager (Male) |
| 17:39 | Create | Villager (Male) |
| 17:51 | Build | Farm |
| 17:52 | Build | Farm |
| 17:53 | Build | Farm |
| 17:56 | Create | Villager (Male) |
| 17:57 | Create | Villager (Male) |
| 18:15 | Create | Villager (Male) |
| 18:16 | Create | Villager (Male) |
| 18:25 | Build | House |
| 18:26 | Build | House |
| 18:27 | Build | House |
| 18:29 | Build | House |
| 18:33 | Create | Villager (Male) |
| 18:33 | Create | Villager (Male) |
| 19:00 | Build | Town Center |
| 19:04 | Create | Villager (Male) |
| 19:05 | Create | Villager (Male) |
| 19:22 | Research | Loom |
| 19:23 | Create | Villager (Male) |
| 19:40 | Build | Farm |
| 19:43 | Build | Farm |
| 19:56 | Create | Villager (Male) |
| 19:57 | Create | Villager (Male) |
| 20:12 | Create | Villager (Male) |
| 20:12 | Create | Villager (Male) |
| 20:14 | Create | Villager (Male) |
| 20:15 | Create | Villager (Male) |
| 20:17 | Create | Villager (Male) |
| 20:21 | Build | House |
| 20:22 | Build | House |
| 20:23 | Build | House |
| 20:26 | Research | Wheelbarrow |
| 20:34 | Research | Stone Mining |
| 20:41 | Build | Farm |
| 20:55 | Build | Mining Camp |
| 21:00 | Create | Villager (Male) |
| 21:01 | Create | Villager (Male) |
| 21:02 | Create | Villager (Male) |
| 21:02 | Create | Villager (Male) |
| 21:02 | Create | Villager (Male) |
| 21:04 | Create | Villager (Male) |
| 21:05 | Create | Villager (Male) |
| 21:09 | Build | Farm |
| 21:19 | Create | Villager (Male) |
| 21:20 | Create | Villager (Male) |
| 21:21 | Create | Villager (Male) |
| 21:22 | Create | Villager (Male) |
| 21:25 | Build | House |
| 21:26 | Build | House |
| 21:27 | Build | House |
| 21:28 | Build | House |
| 21:48 | Research | Stone Shaft Mining |
| 21:51 | Create | Villager (Male) |
| 21:51 | Create | Villager (Male) |
| 21:52 | Create | Villager (Male) |
| 21:52 | Create | Villager (Male) |
| 22:00 | Research | Gold Mining |
| 22:43 | Create | Villager (Male) |
| 22:44 | Create | Villager (Male) |
| 22:45 | Create | Villager (Male) |
| 22:46 | Research | Hand Cart |
| 23:08 | Build | Castle |
| 23:23 | Build | Farm |
Build order — Sieh
First 150 of 202 actions detected
| 0:02 | Create | Villager (Male) |
| 0:02 | Create | Villager (Male) |
| 0:02 | Create | Villager (Male) |
| 0:04 | Build | House |
| 0:06 | Build | House |
| 0:36 | Create | Villager (Male) |
| 1:40 | Create | Villager (Male) |
| 2:16 | Create | Villager (Male) |
| 2:35 | Create | Villager (Male) |
| 3:06 | Create | Villager (Male) |
| 3:07 | Create | Villager (Male) |
| 3:30 | Build | Lumber Camp |
| 3:46 | Create | Villager (Male) |
| 3:55 | Create | Villager (Male) |
| 4:01 | Build | House |
| 4:32 | Create | Villager (Male) |
| 5:10 | Create | Villager (Male) |
| 5:30 | Create | Villager (Male) |
| 5:30 | Create | Villager (Male) |
| 5:47 | Create | Villager (Male) |
| 6:03 | Create | Villager (Male) |
| 6:21 | Build | Mill |
| 7:01 | Create | Villager (Male) |
| 7:05 | Build | House |
| 7:08 | Build | House |
| 7:59 | Build | Mining Camp |
| 8:00 | Create | Villager (Male) |
| 8:08 | Create | Villager (Male) |
| 8:53 | Research | Feudal Age |
| 10:20 | Build | Barracks |
| 11:09 | Create | Villager (Male) |
| 11:13 | Age | Feudal Age |
| 11:19 | Create | Villager (Male) |
| 11:31 | Build | Blacksmith |
| 12:00 | Build | Market |
| 12:02 | Create | Villager (Male) |
| 12:13 | Create | Villager (Male) |
| 12:40 | Create | Villager (Male) |
| 13:07 | Research | Loom |
| 13:21 | Research | Castle Age |
| 13:47 | Build | Farm |
| 14:05 | Build | House |
| 14:10 | Build | Farm |
| 14:15 | Build | Farm |
| 14:26 | Build | Farm |
| 14:28 | Build | Farm |
| 15:11 | Build | House |
| 15:41 | Build | Farm |
| 15:48 | Build | Farm |
| 15:53 | Build | Farm |
| 16:00 | Build | Farm |
| 16:09 | Create | Villager (Male) |
| 16:12 | Age | Castle Age |
| 16:14 | Build | Monastery |
| 16:28 | Research | Double-Bit Axe |
| 16:30 | Create | Villager (Male) |
| 16:45 | Create | Monk |
| 16:59 | Create | Villager (Male) |
| 17:12 | Build | Farm |
| 17:13 | Create | Villager (Male) |
| 17:19 | Build | Monastery |
| 17:29 | Build | Siege Workshop |
| 17:36 | Create | Villager (Male) |
| 17:55 | Build | Farm |
| 17:56 | Research | Horse Collar |
| 18:02 | Build | House |
| 18:19 | Create | Villager (Male) |
| 18:40 | Create | Villager (Male) |
| 18:45 | Build | Farm |
| 18:58 | Research | Wheelbarrow |
| 19:02 | Build | Farm |
| 19:08 | Build | Monastery |
| 19:09 | Create | Monk |
| 19:30 | Build | Farm |
| 19:35 | Create | Villager (Male) |
| 19:59 | Create | Villager (Male) |
| 20:04 | Build | House |
| 20:08 | Research | Bow Saw |
| 20:31 | Create | Monk |
| 20:33 | Create | Monk |
| 20:49 | Build | Monastery |
| 20:51 | Create | Villager (Male) |
| 20:56 | Build | Farm |
| 21:56 | Research | Fervor |
| 21:58 | Research | Sanctity |
| 22:01 | Research | Atonement |
| 22:07 | Build | Siege Workshop |
| 22:10 | Research | Hand Cart |
| 22:14 | Create | Villager (Male) |
| 22:23 | Build | Town Center |
| 22:28 | Create | Villager (Male) |
| 22:45 | Create | Mangonel |
| 22:57 | Create | Monk |
| 23:05 | Build | House |
| 23:20 | Create | Villager (Male) |
| 24:08 | Build | Farm |
| 24:15 | Create | Villager (Male) |
| 24:16 | Create | Villager (Male) |
| 25:08 | Build | House |
| 25:11 | Build | House |
| 25:14 | Build | Mining Camp |
| 25:16 | Build | Farm |
| 25:17 | Create | Villager (Male) |
| 25:18 | Create | Villager (Male) |
| 25:21 | Build | Farm |
| 25:24 | Create | Villager (Male) |
| 25:27 | Create | Villager (Male) |
| 26:10 | Create | Villager (Male) |
| 26:11 | Create | Villager (Male) |
| 26:14 | Build | Farm |
| 26:15 | Build | Farm |
| 26:24 | Create | Villager (Male) |
| 26:25 | Create | Villager (Male) |
| 26:30 | Research | Devotion |
| 26:33 | Research | Herbal Medicine |
| 27:12 | Create | Villager (Male) |
| 27:12 | Create | Villager (Male) |
| 27:20 | Build | Town Center |
| 27:28 | Create | Villager (Male) |
| 27:28 | Create | Villager (Male) |
| 27:31 | Create | Villager (Male) |
| 27:38 | Research | Stone Mining |
| 27:41 | Research | Heavy Plow |
| 27:43 | Create | Villager (Male) |
| 27:44 | Create | Villager (Male) |
| 28:07 | Create | Monk ×5 |
| 28:19 | Create | Battering Ram |
| 28:19 | Create | Battering Ram |
| 28:40 | Create | Villager (Male) |
| 28:42 | Create | Villager (Male) |
| 28:47 | Create | Villager (Male) |
| 28:48 | Create | Villager (Male) |
| 29:05 | Build | Castle |
| 29:08 | Create | Battering Ram |
| 29:09 | Create | Battering Ram |
| 29:15 | Build | House |
| 29:16 | Build | House |
| 29:16 | Build | House |
| 29:17 | Build | House |
| 29:17 | Build | House |
| 29:17 | Build | House |
| 29:17 | Build | House |
| 29:26 | Create | Villager (Male) |
| 29:50 | Research | Redemption |
| 31:31 | Create | Villager (Male) |
| 32:50 | Build | Town Center |
| 34:30 | Build | Monastery |
| 35:01 | Create | Jaguar Warrior |
| 35:02 | Create | Jaguar Warrior |
| 35:02 | Create | Jaguar Warrior |
Build order — caglacula
First 150 of 276 actions detected
| 0:02 | Create | Villager (Male) |
| 0:02 | Create | Villager (Male) |
| 0:05 | Build | House |
| 0:52 | Create | Villager (Male) |
| 0:52 | Create | Villager (Male) |
| 0:53 | Create | Villager (Male) |
| 1:02 | Build | House |
| 1:04 | Build | House |
| 1:06 | Build | House |
| 1:40 | Create | Villager (Male) |
| 1:40 | Create | Villager (Male) |
| 2:15 | Research | Loom |
| 2:26 | Build | Lumber Camp |
| 2:32 | Create | Villager (Male) |
| 2:58 | Create | Villager (Male) |
| 3:16 | Create | Villager (Male) |
| 3:16 | Create | Villager (Male) |
| 4:16 | Create | Villager (Male) |
| 4:16 | Create | Villager (Male) |
| 5:20 | Create | Villager (Male) |
| 5:20 | Create | Villager (Male) |
| 5:20 | Create | Villager (Male) |
| 6:03 | Create | Villager (Male) |
| 6:26 | Create | Villager (Male) |
| 7:07 | Build | Mill |
| 7:11 | Create | Villager (Male) |
| 7:27 | Build | House |
| 7:28 | Build | House |
| 7:30 | Build | House |
| 7:35 | Create | Villager (Male) |
| 8:01 | Create | Villager (Male) |
| 8:33 | Create | Villager (Male) |
| 8:36 | Create | Villager (Male) |
| 9:25 | Build | Mining Camp |
| 9:40 | Create | Villager (Male) |
| 9:48 | Create | Villager (Male) |
| 10:39 | Research | Feudal Age |
| 10:51 | Create | Villager (Male) |
| 10:52 | Create | Villager (Male) |
| 11:22 | Build | Farm |
| 11:35 | Build | House |
| 11:37 | Build | House |
| 11:39 | Build | House |
| 12:25 | Create | Villager (Male) |
| 12:25 | Create | Villager (Male) |
| 12:38 | Build | Mining Camp |
| 12:49 | Create | Villager (Male) |
| 12:49 | Create | Villager (Male) |
| 12:49 | Age | Feudal Age |
| 13:01 | Create | Villager (Male) |
| 13:09 | Build | Market |
| 13:14 | Build | Blacksmith |
| 13:33 | Create | Villager (Male) |
| 13:33 | Create | Villager (Male) |
| 13:52 | Build | Farm |
| 13:57 | Build | Farm |
| 14:05 | Build | Barracks |
| 14:07 | Build | Barracks |
| 14:35 | Create | Villager (Male) |
| 14:41 | Create | Villager (Male) |
| 14:49 | Build | Farm |
| 14:52 | Build | Farm |
| 15:19 | Build | Farm |
| 15:31 | Build | Farm |
| 16:00 | Build | Mining Camp |
| 16:04 | Create | Villager (Male) |
| 16:43 | Build | Farm |
| 17:08 | Research | Castle Age |
| 17:26 | Build | Farm |
| 17:35 | Build | Farm |
| 17:40 | Build | Farm |
| 17:47 | Build | Farm |
| 18:05 | Build | Farm |
| 18:31 | Create | Villager (Male) |
| 18:32 | Create | Villager (Male) |
| 18:42 | Build | Farm |
| 18:46 | Research | Double-Bit Axe |
| 18:55 | Research | Horse Collar |
| 18:57 | Research | Gold Mining |
| 19:48 | Age | Castle Age |
| 19:54 | Build | Town Center |
| 19:59 | Create | Villager (Male) |
| 19:59 | Create | Villager (Male) |
| 20:16 | Build | Castle |
| 20:24 | Research | Fletching |
| 20:26 | Create | Villager (Male) |
| 20:26 | Create | Villager (Male) |
| 20:34 | Build | University |
| 20:46 | Build | Monastery |
| 20:50 | Create | Villager (Male) |
| 20:53 | Create | Villager (Male) |
| 20:53 | Create | Villager (Male) |
| 20:53 | Create | Villager (Male) |
| 20:54 | Create | Villager (Male) |
| 20:54 | Create | Villager (Male) |
| 21:12 | Research | Bow Saw |
| 21:18 | Create | Villager (Male) |
| 21:28 | Create | Villager (Male) |
| 21:50 | Build | Farm |
| 21:59 | Create | Villager (Male) |
| 21:59 | Create | Villager (Male) |
| 22:03 | Create | Villager (Male) |
| 22:21 | Create | Villager (Male) |
| 22:25 | Create | Villager (Male) |
| 22:36 | Create | Jaguar Warrior |
| 22:45 | Create | Villager (Male) |
| 23:15 | Build | Town Center |
| 23:23 | Create | Villager (Male) |
| 23:27 | Create | Villager (Male) |
| 23:27 | Create | Villager (Male) |
| 23:28 | Create | Villager (Male) |
| 23:57 | Create | Eagle Scout |
| 23:59 | Create | Eagle Scout |
| 24:14 | Build | Barracks |
| 24:16 | Build | Barracks |
| 24:25 | Build | Farm |
| 24:29 | Build | Farm |
| 24:33 | Build | Farm |
| 24:38 | Create | Villager (Male) |
| 24:41 | Create | Villager (Male) |
| 24:41 | Create | Villager (Male) |
| 24:42 | Create | Villager (Male) |
| 24:42 | Create | Villager (Male) |
| 24:46 | Create | Villager (Male) |
| 24:46 | Create | Villager (Male) |
| 25:00 | Research | Heavy Plow |
| 25:03 | Research | Forging |
| 25:15 | Research | Gold Shaft Mining |
| 25:23 | Build | Farm |
| 25:27 | Build | Farm |
| 25:30 | Build | Farm |
| 25:43 | Create | Eagle Scout |
| 25:46 | Create | Eagle Scout |
| 25:47 | Create | Eagle Scout |
| 25:55 | Create | Eagle Scout |
| 25:55 | Create | Eagle Scout |
| 26:34 | Create | Eagle Scout |
| 26:54 | Research | Eagle Warrior (upgrade) |
| 27:05 | Create | Eagle Scout |
| 27:05 | Create | Eagle Scout |
| 27:09 | Create | Eagle Scout |
| 27:12 | Create | Eagle Scout |
| 27:16 | Create | Jaguar Warrior |
| 27:16 | Create | Jaguar Warrior |
| 27:16 | Create | Jaguar Warrior |
| 27:27 | Research | Iron Casting |
| 27:33 | Create | Villager (Male) |
| 27:34 | Create | Villager (Male) |
| 27:35 | Create | Villager (Male) |
| 27:35 | Create | Villager (Male) |
Build order — AlexShukov13
First 150 of 224 actions detected
| 0:03 | Research | Loom |
| 0:04 | Create | Villager (Male) |
| 0:04 | Create | Villager (Male) |
| 0:04 | Create | Villager (Male) |
| 0:04 | Create | Villager (Male) |
| 0:05 | Create | Villager (Male) |
| 0:07 | Build | House |
| 0:08 | Build | House |
| 1:55 | Create | Villager (Male) |
| 2:12 | Create | Villager (Male) |
| 2:35 | Create | Villager (Male) |
| 3:10 | Create | Villager (Male) |
| 3:10 | Create | Villager (Male) |
| 3:10 | Create | Villager (Male) |
| 3:27 | Build | Mill |
| 3:59 | Create | Villager (Male) |
| 3:59 | Create | Villager (Male) |
| 4:14 | Build | House |
| 4:37 | Create | Villager (Male) |
| 4:38 | Create | Villager (Male) |
| 4:38 | Create | Villager (Male) |
| 4:51 | Build | House |
| 4:52 | Build | House |
| 5:35 | Create | Villager (Male) |
| 6:10 | Create | Villager (Male) |
| 6:10 | Create | Villager (Male) |
| 6:11 | Create | Villager (Male) |
| 6:11 | Create | Villager (Male) |
| 6:11 | Create | Villager (Male) |
| 7:38 | Build | Mining Camp |
| 7:43 | Create | Villager (Male) |
| 7:44 | Create | Villager (Male) |
| 7:44 | Create | Villager (Male) |
| 7:44 | Create | Villager (Male) |
| 8:20 | Build | Lumber Camp |
| 8:40 | Create | Villager (Male) |
| 9:35 | Build | Mining Camp |
| 9:47 | Build | House |
| 10:01 | Create | Villager (Male) |
| 10:02 | Create | Villager (Male) |
| 10:02 | Create | Villager (Male) |
| 10:13 | Build | Farm |
| 10:33 | Build | Farm |
| 10:47 | Create | Villager (Male) |
| 10:49 | Research | Feudal Age |
| 10:57 | Build | Farm |
| 11:17 | Build | Lumber Camp |
| 11:25 | Build | Farm |
| 11:50 | Build | Farm |
| 12:13 | Build | Farm |
| 12:48 | Build | House |
| 12:50 | Build | House |
| 12:51 | Build | House |
| 13:54 | Age | Feudal Age |
| 14:05 | Build | Market |
| 14:15 | Build | Blacksmith |
| 14:22 | Research | Double-Bit Axe |
| 14:24 | Research | Horse Collar |
| 15:19 | Research | Castle Age |
| 15:33 | Research | Stone Mining |
| 16:07 | Research | Fletching |
| 16:46 | Research | Gold Mining |
| 17:59 | Age | Castle Age |
| 18:01 | Build | Town Center |
| 18:06 | Build | Town Center |
| 18:35 | Research | Wheelbarrow |
| 19:13 | Create | Villager (Male) |
| 19:13 | Create | Villager (Male) |
| 19:20 | Build | Castle |
| 19:34 | Create | Villager (Male) |
| 19:40 | Build | Farm |
| 19:44 | Build | Farm |
| 19:48 | Create | Villager (Male) |
| 19:48 | Create | Villager (Male) |
| 20:07 | Build | Farm |
| 20:12 | Create | Villager (Male) |
| 20:12 | Create | Villager (Male) |
| 20:16 | Build | Farm |
| 20:31 | Create | Villager (Male) |
| 20:43 | Build | Farm |
| 21:00 | Create | Villager (Male) |
| 21:08 | Build | Farm |
| 21:11 | Create | Villager (Male) |
| 21:11 | Create | Villager (Male) |
| 21:19 | Create | Longbowman |
| 21:19 | Create | Longbowman |
| 21:19 | Create | Longbowman |
| 21:20 | Create | Longbowman |
| 21:20 | Create | Longbowman |
| 21:24 | Build | Mining Camp |
| 21:44 | Create | Villager (Male) |
| 21:44 | Create | Villager (Male) |
| 21:44 | Create | Villager (Male) |
| 21:44 | Create | Villager (Male) |
| 21:47 | Build | Farm |
| 21:49 | Build | Farm |
| 21:58 | Create | Longbowman |
| 22:30 | Create | Villager (Male) |
| 22:30 | Create | Villager (Male) |
| 22:30 | Create | Villager (Male) |
| 22:30 | Create | Villager (Male) |
| 23:09 | Create | Villager (Male) |
| 23:09 | Create | Villager (Male) |
| 23:09 | Create | Villager (Male) |
| 23:09 | Create | Villager (Male) |
| 23:10 | Create | Villager (Male) |
| 23:22 | Build | Farm |
| 23:23 | Build | Farm |
| 23:24 | Build | Farm |
| 23:25 | Build | Farm |
| 23:26 | Build | Farm |
| 23:27 | Build | Farm |
| 23:30 | Create | Villager (Male) |
| 23:30 | Create | Villager (Male) |
| 23:30 | Create | Villager (Male) |
| 23:31 | Create | Villager (Male) |
| 24:26 | Build | Mining Camp |
| 24:57 | Create | Villager (Male) |
| 24:57 | Create | Villager (Male) |
| 24:58 | Create | Villager (Male) |
| 25:03 | Build | Mining Camp |
| 25:07 | Research | Town Watch |
| 25:07 | Create | Villager (Male) |
| 25:07 | Create | Villager (Male) |
| 25:08 | Create | Villager (Male) |
| 25:08 | Create | Villager (Male) |
| 25:37 | Build | Castle |
| 26:26 | Research | Hand Cart |
| 26:39 | Create | Villager (Male) |
| 26:39 | Create | Villager (Male) |
| 26:40 | Create | Villager (Male) |
| 26:40 | Create | Villager (Male) |
| 26:40 | Create | Villager (Male) |
| 26:41 | Create | Villager (Male) |
| 26:41 | Create | Villager (Male) |
| 27:28 | Build | Farm |
| 27:29 | Build | Farm |
| 28:09 | Research | Imperial Age |
| 28:31 | Build | Town Center |
| 28:41 | Build | House |
| 28:42 | Build | House |
| 28:43 | Build | House |
| 28:43 | Build | House |
| 28:45 | Build | House |
| 28:46 | Build | House |
| 28:48 | Build | House |
| 28:49 | Build | House |
| 28:50 | Build | House |
| 28:53 | Research | Bodkin Arrow |
| 28:54 | Research | Padded Archer Armor |
Build order — Jeladam
First 150 of 362 actions detected
| 0:01 | Create | Villager (Male) |
| 0:02 | Create | Villager (Male) |
| 0:02 | Create | Villager (Male) |
| 0:02 | Create | Villager (Male) |
| 0:04 | Build | House |
| 0:06 | Build | House |
| 1:26 | Create | Villager (Male) |
| 1:26 | Create | Villager (Male) |
| 2:00 | Create | Villager (Male) |
| 2:14 | Build | Lumber Camp |
| 2:15 | Create | Villager (Male) |
| 2:16 | Create | Villager (Male) |
| 2:41 | Create | Villager (Male) |
| 2:42 | Create | Villager (Male) |
| 2:51 | Create | Villager (Male) |
| 3:05 | Build | House |
| 3:07 | Build | House |
| 3:25 | Create | Villager (Male) |
| 3:25 | Create | Villager (Male) |
| 3:41 | Create | Villager (Male) |
| 4:10 | Create | Villager (Male) |
| 5:00 | Build | Mill |
| 5:04 | Create | Villager (Male) |
| 5:04 | Create | Villager (Male) |
| 5:37 | Create | Villager (Male) |
| 5:37 | Create | Villager (Male) |
| 6:02 | Create | Villager (Male) |
| 6:02 | Create | Villager (Male) |
| 6:21 | Create | Villager (Male) |
| 6:59 | Create | Villager (Male) |
| 7:18 | Create | Villager (Male) |
| 7:18 | Create | Villager (Male) |
| 7:43 | Create | Villager (Male) |
| 7:43 | Create | Villager (Male) |
| 7:50 | Create | Villager (Male) |
| 7:50 | Create | Villager (Male) |
| 8:14 | Create | Villager (Male) |
| 9:12 | Build | Mining Camp |
| 9:36 | Research | Feudal Age |
| 9:41 | Build | Barracks |
| 10:07 | Build | Farm |
| 10:08 | Build | Farm |
| 10:10 | Build | Farm |
| 10:11 | Build | Farm |
| 10:23 | Build | House |
| 10:24 | Build | House |
| 10:25 | Build | House |
| 11:46 | Age | Feudal Age |
| 11:51 | Build | Blacksmith |
| 11:59 | Build | Market |
| 12:01 | Create | Villager (Male) |
| 12:09 | Create | Villager (Male) |
| 12:29 | Build | Farm |
| 12:32 | Build | Farm |
| 12:40 | Build | Farm |
| 12:54 | Create | Villager (Male) |
| 13:03 | Build | House |
| 13:05 | Build | House |
| 13:07 | Build | House |
| 13:24 | Build | Farm |
| 13:26 | Research | Castle Age |
| 13:46 | Research | Double-Bit Axe |
| 13:59 | Research | Horse Collar |
| 14:30 | Build | Lumber Camp |
| 15:05 | Build | House |
| 15:06 | Build | House |
| 15:07 | Build | House |
| 15:08 | Build | House |
| 15:53 | Create | Villager (Male) |
| 15:53 | Create | Villager (Male) |
| 15:54 | Create | Villager (Male) |
| 15:54 | Create | Villager (Male) |
| 15:55 | Create | Villager (Male) |
| 15:56 | Create | Villager (Male) |
| 16:06 | Age | Castle Age |
| 16:10 | Build | Town Center |
| 16:15 | Research | Bow Saw |
| 16:36 | Create | Villager (Male) |
| 16:42 | Build | Farm |
| 16:44 | Build | Farm |
| 16:46 | Build | Farm |
| 17:32 | Build | Barracks |
| 17:37 | Build | Siege Workshop |
| 17:39 | Build | House |
| 17:41 | Build | House |
| 17:42 | Build | House |
| 17:43 | Build | House |
| 17:46 | Build | House |
| 17:53 | Create | Villager (Male) |
| 17:54 | Create | Villager (Male) |
| 17:55 | Create | Villager (Male) |
| 18:17 | Build | Farm |
| 18:21 | Build | Farm |
| 18:23 | Build | Farm |
| 18:24 | Build | Farm |
| 18:30 | Create | Villager (Male) |
| 18:47 | Research | Scale Mail Armor |
| 18:50 | Research | Gold Mining |
| 18:57 | Build | Farm |
| 18:58 | Build | Farm |
| 19:00 | Build | Farm |
| 19:02 | Build | Farm |
| 19:06 | Create | Villager (Male) |
| 19:09 | Create | Villager (Male) |
| 19:27 | Create | Battering Ram ×3 |
| 19:45 | Create | Villager (Male) |
| 19:45 | Create | Villager (Male) |
| 19:46 | Create | Villager (Male) |
| 19:51 | Create | Villager (Male) |
| 19:51 | Create | Villager (Male) |
| 20:15 | Research | Heavy Plow |
| 20:24 | Create | Villager (Male) |
| 20:25 | Create | Villager (Male) |
| 20:36 | Create | Villager (Male) |
| 20:44 | Build | Farm |
| 20:47 | Build | Farm |
| 20:49 | Build | Farm |
| 20:50 | Build | Farm |
| 20:53 | Build | Mill |
| 20:55 | Build | Farm |
| 20:57 | Build | Farm |
| 20:58 | Build | Farm |
| 21:01 | Create | Villager (Male) |
| 21:02 | Create | Villager (Male) |
| 21:10 | Build | Farm |
| 21:12 | Build | Farm |
| 21:15 | Create | Villager (Male) |
| 21:23 | Build | House |
| 21:26 | Build | House |
| 21:27 | Build | House |
| 21:29 | Build | House |
| 21:30 | Build | House |
| 21:30 | Build | House |
| 21:32 | Create | Villager (Male) |
| 21:33 | Create | Villager (Male) |
| 21:44 | Research | Gold Shaft Mining |
| 21:51 | Create | Villager (Male) |
| 21:56 | Create | Villager (Male) |
| 22:08 | Create | Villager (Male) |
| 22:08 | Create | Villager (Male) |
| 22:10 | Create | Battering Ram |
| 22:10 | Create | Battering Ram |
| 22:18 | Create | Villager (Male) |
| 22:22 | Create | Villager (Male) |
| 22:23 | Create | Villager (Male) |
| 22:34 | Build | Mining Camp |
| 22:43 | Create | Villager (Male) |
| 22:45 | Create | Villager (Male) |
| 22:52 | Research | Gambesons |
| 22:56 | Research | Man-at-Arms (upgrade) |
Build order — Eye of Horus
First 150 of 328 actions detected
| 0:02 | Create | Villager (Male) |
| 0:02 | Create | Villager (Male) |
| 0:03 | Create | Villager (Male) |
| 0:03 | Create | Villager (Male) |
| 0:03 | Create | Villager (Male) |
| 0:06 | Build | House |
| 0:09 | Build | House |
| 1:39 | Create | Villager (Male) |
| 1:39 | Create | Villager (Male) |
| 1:51 | Create | Villager (Male) |
| 2:02 | Build | Lumber Camp |
| 2:30 | Create | Villager (Male) |
| 2:30 | Create | Villager (Male) |
| 2:42 | Create | Villager (Male) |
| 2:42 | Create | Villager (Male) |
| 3:19 | Create | Villager (Male) |
| 3:19 | Create | Villager (Male) |
| 3:30 | Build | House |
| 3:32 | Build | House |
| 3:54 | Create | Villager (Male) |
| 4:32 | Create | Villager (Male) |
| 4:32 | Create | Villager (Male) |
| 4:33 | Create | Villager (Male) |
| 4:42 | Build | House |
| 5:10 | Create | Villager (Male) |
| 5:18 | Build | Mill |
| 5:44 | Create | Villager (Male) |
| 6:17 | Create | Villager (Male) |
| 6:24 | Create | Villager (Male) |
| 6:41 | Create | Villager (Male) |
| 7:25 | Create | Villager (Male) |
| 7:59 | Create | Villager (Male) |
| 7:59 | Create | Villager (Male) |
| 8:14 | Build | Mining Camp |
| 8:27 | Create | Villager (Male) |
| 8:39 | Build | Mining Camp |
| 9:16 | Create | Villager (Male) |
| 9:20 | Research | Feudal Age |
| 11:51 | Age | Feudal Age |
| 11:57 | Build | Market |
| 12:03 | Build | Blacksmith |
| 12:06 | Create | Villager (Male) |
| 12:06 | Create | Villager (Male) |
| 12:49 | Build | House |
| 12:54 | Research | Castle Age |
| 12:55 | Research | Castle Age |
| 13:15 | Build | House |
| 13:22 | Research | Horse Collar |
| 13:32 | Build | Farm |
| 13:37 | Build | Farm |
| 13:41 | Build | Farm |
| 13:51 | Build | Farm |
| 13:55 | Build | Farm |
| 14:19 | Build | Farm |
| 14:25 | Research | Double-Bit Axe |
| 15:36 | Age | Castle Age |
| 15:38 | Create | Villager (Male) |
| 15:39 | Create | Villager (Male) |
| 16:10 | Build | Town Center |
| 16:18 | Create | Villager (Male) |
| 16:45 | Build | Town Center |
| 16:47 | Create | Villager (Male) |
| 17:03 | Create | Villager (Male) |
| 17:09 | Build | Farm |
| 17:22 | Create | Villager (Male) |
| 17:40 | Create | Villager (Male) |
| 17:40 | Create | Villager (Male) |
| 18:03 | Create | Villager (Male) |
| 18:12 | Build | Monastery |
| 18:14 | Build | House |
| 18:30 | Create | Villager (Male) |
| 18:34 | Create | Villager (Male) |
| 18:37 | Create | Villager (Male) |
| 18:37 | Create | Villager (Male) |
| 18:37 | Create | Villager (Male) |
| 18:38 | Create | Villager (Male) |
| 19:25 | Build | Castle |
| 19:35 | Create | Villager (Male) |
| 19:35 | Create | Villager (Male) |
| 19:35 | Create | Villager (Male) |
| 19:35 | Create | Villager (Male) |
| 19:36 | Create | Villager (Male) |
| 19:50 | Build | Farm |
| 19:51 | Build | Farm |
| 19:53 | Build | Farm |
| 19:57 | Build | House |
| 20:13 | Research | Loom |
| 20:14 | Create | Villager (Male) |
| 20:21 | Build | Farm |
| 20:24 | Build | Farm |
| 20:25 | Build | Farm |
| 20:28 | Build | Farm |
| 20:31 | Build | Farm |
| 20:37 | Build | Farm |
| 20:41 | Build | Farm |
| 20:46 | Build | Farm |
| 20:49 | Build | House |
| 20:49 | Create | Villager (Male) |
| 20:49 | Create | Villager (Male) |
| 20:50 | Create | Villager (Male) |
| 21:05 | Build | Farm |
| 21:07 | Create | Villager (Male) |
| 21:07 | Create | Villager (Male) |
| 21:08 | Create | Villager (Male) |
| 21:21 | Build | Farm |
| 21:28 | Build | Farm |
| 21:31 | Build | Farm |
| 21:32 | Create | Villager (Male) |
| 21:32 | Create | Villager (Male) |
| 21:32 | Create | Villager (Male) |
| 21:33 | Create | Villager (Male) |
| 21:37 | Build | House |
| 21:38 | Build | House |
| 21:42 | Create | Monk |
| 22:08 | Build | Mining Camp |
| 22:09 | Create | Villager (Male) |
| 22:09 | Create | Villager (Male) |
| 22:09 | Create | Villager (Male) |
| 22:09 | Create | Villager (Male) |
| 22:10 | Create | Villager (Male) |
| 22:22 | Build | Farm |
| 22:29 | Create | Villager (Male) |
| 22:30 | Create | Villager (Male) |
| 23:25 | Build | Town Center |
| 23:31 | Build | Farm |
| 23:35 | Build | Farm |
| 23:36 | Create | Villager (Male) |
| 23:36 | Create | Villager (Male) |
| 23:36 | Create | Villager (Male) |
| 23:36 | Create | Villager (Male) |
| 23:36 | Create | Villager (Male) |
| 23:37 | Create | Villager (Male) |
| 23:37 | Create | Villager (Male) |
| 23:37 | Create | Villager (Male) |
| 23:37 | Create | Villager (Male) |
| 23:38 | Create | Villager (Male) |
| 23:50 | Build | House |
| 24:00 | Create | Unit 1908 |
| 24:04 | Create | Unit 1908 |
| 24:17 | Build | Farm |
| 24:26 | Create | Villager (Male) |
| 24:26 | Create | Villager (Male) |
| 24:27 | Create | Villager (Male) |
| 24:27 | Create | Villager (Male) |
| 24:27 | Create | Villager (Male) |
| 24:27 | Create | Villager (Male) |
| 24:30 | Build | House |
| 24:51 | Build | Farm |
| 24:53 | Create | Villager (Male) |
| 24:54 | Create | Villager (Male) |
Build order — Estarossa
First 150 of 172 actions detected
| 0:04 | Research | Loom |
| 0:05 | Create | Villager (Male) ×4 |
| 0:09 | Build | House |
| 0:12 | Build | House |
| 1:50 | Create | Villager (Male) |
| 1:50 | Create | Villager (Male) |
| 2:24 | Create | Villager (Male) |
| 2:24 | Create | Villager (Male) |
| 2:28 | Build | Lumber Camp |
| 2:49 | Create | Villager (Male) |
| 2:49 | Create | Villager (Male) |
| 3:14 | Create | Villager (Male) |
| 3:14 | Create | Villager (Male) |
| 3:32 | Create | Villager (Male) |
| 3:32 | Create | Villager (Male) |
| 3:59 | Create | Villager (Male) |
| 4:28 | Create | Villager (Male) |
| 4:28 | Create | Villager (Male) |
| 4:28 | Create | Villager (Male) |
| 4:35 | Build | House |
| 4:36 | Build | House |
| 5:32 | Create | Villager (Male) |
| 5:32 | Create | Villager (Male) |
| 5:33 | Create | Villager (Male) |
| 6:19 | Create | Villager (Male) |
| 6:20 | Create | Villager (Male) |
| 6:20 | Create | Villager (Male) |
| 6:20 | Create | Villager (Male) |
| 6:20 | Create | Villager (Male) |
| 6:22 | Build | Mill |
| 7:53 | Create | Villager (Male) |
| 7:54 | Create | Villager (Male) |
| 8:07 | Build | Mining Camp |
| 8:45 | Create | Villager (Male) |
| 9:08 | Create | Villager (Male) |
| 9:21 | Build | Mining Camp |
| 10:09 | Research | Feudal Age |
| 10:09 | Research | Feudal Age |
| 10:39 | Build | Barracks |
| 11:19 | Build | Farm |
| 12:19 | Age | Feudal Age |
| 12:27 | Build | Archery Range |
| 12:34 | Build | Blacksmith |
| 13:37 | Research | Castle Age |
| 13:37 | Research | Castle Age |
| 13:38 | Research | Castle Age |
| 13:43 | Build | Archery Range |
| 14:50 | Create | Archer |
| 14:50 | Create | Archer |
| 15:08 | Build | House |
| 15:10 | Build | House |
| 15:14 | Create | Archer |
| 15:14 | Create | Archer |
| 15:15 | Create | Archer |
| 15:20 | Build | House |
| 16:00 | Build | Farm |
| 16:09 | Create | Archer ×2 |
| 16:10 | Create | Archer ×2 |
| 16:10 | Create | Archer ×2 |
| 16:17 | Age | Castle Age |
| 16:21 | Build | Castle |
| 16:55 | Research | Crossbowman (upgrade) |
| 17:09 | Research | Gold Mining |
| 17:11 | Research | Horse Collar |
| 17:40 | Build | Farm |
| 17:41 | Build | Farm |
| 18:00 | Create | Archer ×3 |
| 18:27 | Build | Farm |
| 18:45 | Create | Ballista Elephant |
| 18:51 | Create | Archer |
| 18:52 | Create | Archer |
| 18:52 | Create | Archer |
| 19:00 | Build | Farm |
| 19:18 | Create | Archer |
| 19:18 | Create | Archer |
| 19:41 | Research | Double-Bit Axe |
| 19:45 | Create | Archer |
| 19:45 | Create | Archer |
| 21:39 | Research | Fletching |
| 21:40 | Research | Padded Archer Armor |
| 22:47 | Create | Villager (Male) |
| 22:47 | Create | Villager (Male) |
| 22:48 | Create | Villager (Male) |
| 22:55 | Build | Farm |
| 22:56 | Build | Farm |
| 22:57 | Build | Farm |
| 22:58 | Build | Farm |
| 23:06 | Build | University |
| 24:50 | Create | Archer ×5 |
| 24:50 | Create | Archer ×5 |
| 24:51 | Create | Archer ×5 |
| 24:51 | Create | Archer ×5 |
| 25:50 | Build | Mining Camp |
| 25:53 | Research | Gold Shaft Mining |
| 26:50 | Research | Ballistics |
| 26:51 | Research | Ballistics |
| 26:54 | Research | Bodkin Arrow |
| 26:54 | Research | Leather Archer Armor |
| 26:58 | Create | Archer ×2 |
| 26:58 | Create | Archer ×2 |
| 28:48 | Research | Wheelbarrow |
| 28:50 | Create | Villager (Male) |
| 28:50 | Create | Villager (Male) |
| 28:51 | Create | Villager (Male) |
| 28:51 | Create | Villager (Male) |
| 28:51 | Create | Villager (Male) |
| 28:51 | Create | Villager (Male) |
| 29:04 | Create | Archer ×5 |
| 29:04 | Create | Archer ×5 |
| 29:29 | Create | Ballista Elephant |
| 29:50 | Create | Villager (Male) |
| 31:24 | Create | Ballista Elephant ×5 |
| 32:11 | Build | Farm |
| 32:13 | Build | Farm |
| 32:21 | Research | Bow Saw |
| 32:21 | Research | Bow Saw |
| 32:26 | Create | Villager (Male) |
| 32:27 | Create | Villager (Male) |
| 32:27 | Create | Villager (Male) |
| 33:05 | Create | Ballista Elephant ×2 |
| 36:20 | Build | House |
| 36:21 | Build | House |
| 36:21 | Build | House |
| 36:22 | Build | House |
| 36:23 | Build | House |
| 36:54 | Research | Imperial Age |
| 36:54 | Research | Imperial Age |
| 37:04 | Create | Villager (Male) |
| 37:04 | Create | Villager (Male) |
| 37:11 | Build | Lumber Camp |
| 37:29 | Create | Ballista Elephant |
| 37:29 | Create | Ballista Elephant |
| 38:05 | Build | Farm |
| 38:06 | Build | Farm |
| 38:07 | Build | Farm |
| 38:20 | Research | Stone Mining |
| 38:26 | Create | Ballista Elephant |
| 38:27 | Create | Ballista Elephant |
| 38:38 | Build | House |
| 38:38 | Build | House |
| 38:38 | Build | House |
| 38:38 | Build | House |
| 38:39 | Build | House |
| 38:40 | Build | House |
| 38:40 | Build | House |
| 38:41 | Build | House |
| 38:41 | Build | House |
| 38:42 | Build | House |
| 38:42 | Build | House |
| 38:42 | Build | House |
Match timeline
| 9:41 | Jeladam · first_building Barracks |
| 10:20 | Sieh · first_building Barracks |
| 10:39 | Estarossa · first_building Barracks |
| 11:13 | Sieh · age_up feudal |
| 11:30 | Eppo · age_up feudal |
| 11:46 | Jeladam · age_up feudal |
| 11:51 | Eye of Horus · age_up feudal |
| 12:19 | Estarossa · age_up feudal |
| 12:27 | Estarossa · first_building Archery Range |
| 12:49 | caglacula · age_up feudal |
| 13:54 | AlexShukov13 · age_up feudal |
| 14:05 | caglacula · first_building Barracks |
| 15:08 | Eppo · age_up castle |
| 15:36 | Eye of Horus · age_up castle |
| 16:06 | Jeladam · age_up castle |
| 16:12 | Sieh · age_up castle |
| 16:14 | Sieh · first_building Monastery |
| 16:17 | Estarossa · age_up castle |
| 16:18 | caglacula · first_market_buy 100 food |
| 16:21 | Estarossa · first_building Castle |
| 17:29 | Sieh · first_building Siege Workshop |
| 17:37 | Jeladam · first_building Siege Workshop |
| 17:59 | AlexShukov13 · age_up castle |
| 18:12 | Eye of Horus · first_building Monastery |
| 18:56 | AlexShukov13 · first_market_buy 100 stone |
| 19:20 | AlexShukov13 · first_building Castle |
| 19:25 | Eye of Horus · first_building Castle |
| 19:48 | caglacula · age_up castle |
| 20:16 | caglacula · first_building Castle |
| 20:46 | caglacula · first_building Monastery |
| 22:25 | Eppo · first_market_sell 100 wood |
| 22:28 | Eppo · first_market_buy 100 stone |
| 23:08 | Eppo · first_building Castle |
| 24:06 | Eppo · first_building Siege Workshop |
| 24:10 | AlexShukov13 · first_market_sell 100 food |
| 26:04 | Sieh · tribute_sent a jugador 1 |
| 26:04 | Sieh · tribute_sent a jugador 3 |
| 26:04 | Sieh · tribute_sent a jugador 4 |
| 26:04 | Sieh · tribute_sent a jugador 5 |
| 26:04 | Sieh · tribute_sent a jugador 6 |
| 26:04 | Sieh · tribute_sent a jugador 7 |
| 26:04 | Sieh · tribute_sent a jugador 8 |
| 28:38 | Sieh · tribute_sent a jugador 1 |
| 28:38 | Sieh · tribute_sent a jugador 3 |
| 28:38 | Sieh · tribute_sent a jugador 4 |
| 28:38 | Sieh · tribute_sent a jugador 5 |
| 28:38 | Sieh · tribute_sent a jugador 6 |
| 28:38 | Sieh · tribute_sent a jugador 7 |
| 28:38 | Sieh · tribute_sent a jugador 8 |
| 28:52 | Eye of Horus · tribute_sent a jugador 1 |
| 28:52 | Eye of Horus · tribute_sent a jugador 2 |
| 28:52 | Eye of Horus · tribute_sent a jugador 3 |
| 28:52 | Eye of Horus · tribute_sent a jugador 4 |
| 28:52 | Eye of Horus · tribute_sent a jugador 5 |
| 28:52 | Eye of Horus · tribute_sent a jugador 7 |
| 28:52 | Eye of Horus · tribute_sent a jugador 8 |
| 29:05 | Sieh · first_building Castle |
| 31:19 | AlexShukov13 · age_up imperial |
| 32:48 | caglacula · first_building Siege Workshop |
| 33:52 | Eye of Horus · first_market_sell 100 wood |
| 34:15 | Jeladam · first_building Monastery |
| 35:15 | Eppo · age_up imperial |
| 36:36 | Eye of Horus · first_building Barracks |
| 37:14 | Eye of Horus · age_up imperial |
| 37:38 | Eye of Horus · first_building Siege Workshop |
| 37:49 | Eye of Horus · first_building Stable |
| 38:09 | Eye of Horus · tribute_sent a jugador 1 |
| 38:09 | Eye of Horus · tribute_sent a jugador 2 |
| 38:09 | Eye of Horus · tribute_sent a jugador 3 |
| 38:09 | Eye of Horus · tribute_sent a jugador 4 |
| 38:09 | Eye of Horus · tribute_sent a jugador 5 |
| 38:09 | Eye of Horus · tribute_sent a jugador 7 |
| 38:09 | Eye of Horus · tribute_sent a jugador 8 |
| 38:14 | Jeladam · wall_segment Stone Wall x1 |
| 38:17 | Jeladam · wall_segment Stone Wall x1 |
| 39:28 | Jeladam · age_up imperial |
| 40:04 | Estarossa · age_up imperial |
| 40:43 | Estarossa · first_building Stable |
| 44:17 | AlexShukov13 · resign |
[ AI ANALYSIS · 1 CREDIT ]
What really happened in this match?
Wolo.gg analyzes every decision: build order, eco, micro, common mistakes by bracket. Personalized analysis on WhatsApp or Discord in 30 seconds.
Civ guide
Saracens
Perfil
Jugador #25599951